 Dungeon Crawl Stone Soup version 0.23.2-1-ga50397a (webtiles) character file.

Game seed: 8021331405556980656

273 whitewolfNL the Ruffian (level 6, 0/61 HPs)
             Began as a Troll Berserker on Apr 26, 2019.
             Was an Elder of Trog.
             Slain by a gnoll
             ... wielding a +0 halberd
              (1 damage)
             ... on level 3 of the Dungeon.
             The game lasted 00:14:58 (2408 turns).

whitewolfNL the Ruffian (Troll Berserker)           Turns: 2408, Time: 00:15:00

Health: 0/61       AC:  7    Str: 26    XL:     6   Next: 2%
Magic:  5/5        EV:  6    Int:  3    God:    Trog [****..]
Gold:   182        SH:  0    Dex: 11    Spells: 5/5 levels left

rFire    + . .     SeeInvis .     - Unarmed
rCold    + . .     Gourm    +   (no shield)
rNeg     . . .     Faith    .   o - +0 robe
rPois    +         Spirit   .   (helmet restricted)
rElec    +         Reflect  .   w - +0 cloak
rCorr    +         Harm     .   (gloves unavailable)
MR       .....                  (boots unavailable)
Stlth    +.........             r - amulet of regeneration
HPRegen  1.00/turn              g - ring of flight
MPRegen  0.09/turn              (no ring)

@: lethally poisoned (0 -> -4), about to teleport, resistant, berserk cooldown,
held, slowed, very slow
A: large, unfitting armour, claws 3, fast metabolism 3, gourmand, regeneration
1, shaggy fur 1, tough skin 3
a: Berserk, Trog's Hand, Brothers in Arms, Renounce Religion, Evoke Flight


You were on level 3 of the Dungeon.
You worshipped Trog.
Trog was greatly pleased with you.
You were full.

You visited 1 branch of the dungeon, and saw 3 of its levels.

You collected 182 gold pieces.

Inventory:

Hand Weapons
 m - a +0 dagger of flaming
Missiles
 s - 3 tomahawks
 u - 7 javelins
Armour
 o - a +0 robe (worn)
 w - a +0 cloak (worn)
Jewellery
 g - a ring of flight (left claw)
 r - an amulet of regeneration (around neck)
Scrolls
 c - a scroll of teleportation
 l - a scroll of enchant armour {unknown}
 p - a scroll of amnesia {unknown}
 t - a scroll of remove curse {unknown}
 v - a scroll of fog {unknown}
Potions
 f - 2 potions of brilliance
 i - a potion of resistance
 k - a potion of curing {unknown}
 n - a potion of might
 q - a potion of flight {unknown}
Comestibles
 b - 9 rations


   Skills:
 * Level 3.0 Fighting
 * Level 0.2 Throwing
 + Level 3.6 Dodging
 * Level 1.0 Stealth
 * Level 5.0 Unarmed Combat


You had 5 spell levels left.
You didn't know any spells.
Your spell library was empty.

Dungeon Overview and Level Annotations

Branches:
Dungeon (3/15)

Altars:

Annotations:
D:3 1 transporter


Innate Abilities, Weirdness & Mutations

You are too large for most types of armour.
You have claws for hands.
Your metabolism is lightning-fast.
You like to eat raw meat.
Your natural rate of healing is unusually fast.
You are covered in fur. (AC +1)
You have extremely tough skin. (AC +3)


Message History

The gnoll hits you from afar with a +1 spear of venom.
You are more poisoned.
The gnoll hits you from afar with a +0 halberd! x2
* * * LOW HITPOINT WARNING * * *
The gnoll barely misses you.
As you read the scroll of teleportation, it crumbles to dust.
You feel strangely unstable.
You feel very sick. The gnoll hits you but does no damage.
The gnoll hits you from afar with a +1 spear of venom.
* * * LOW HITPOINT WARNING * * *
The gnoll hits you from afar with a +0 halberd!
* * * LOW HITPOINT WARNING * * *
It was a potion of resistance.
You feel protected.
* * * LOW HITPOINT WARNING * * *
You feel very sick. The gnoll hits you but does no damage.
The gnoll hits you from afar with a +0 halberd.
You die...

#..≈≈##.###g###.##≈≈.....#
#..≈≈#...........#≈≈......
#..≈≈###.##'##.###≈≈...#..
#..≈≈..#.#...#.#..≈≈......
#..≈≈.##.'...'.##.≈≈.##...
#..≈≈.#..#...#..#.≈≈.####.
#..≈≈.##.##g##.##.≈≈.# #.
##.....#.#P..#.#..≈≈.####.
#...(©#)@.g.'.#©.≈≈......
#.[...#.#8⌠8#.#..≈≈......
#.≈≈.##g#####.##.≈≈......
#.≈≈.#©g# #..#.≈≈......
#.≈≈.##.# #.##.≈≈.#####
#.≈≈..#.#$ .#.#..≈≈.# #
#.≈≈###.##'##.###≈≈.#####
#.≈≈#g..........#≈≈......
#.≈≈##.###g###.##≈≈.###..


You could see 4 gnolls.

Vanquished Creatures
  An orc priest (D:3)
  Terence (D:2)
  5 gnolls
  6 adders
  2 worms (D:2)
  2 dart slugs (D:1)
  2 leopard geckos (D:1)
  11 orcs (D:3)
  5 giant cockroaches
  14 goblins
  9 hobgoblins
  6 jackals
  7 kobolds
  2 quokkas
  4 ball pythons
  10 bats
  4 frilled lizards
  7 rats
98 creatures vanquished.

Vanquished Creatures (others)
  5 plants (D:3)
5 creatures vanquished.

Grand Total: 103 creatures vanquished

Notes
Turn   | Place    | Note
-------+----------+-------------------------------------------
     0 | D:1      | whitewolfNL the Troll Berserker began the quest for the
                  | Orb.
     0 | D:1      | Reached XP level 1. HP: 22/22 MP: 0/0
   213 | D:1      | Reached XP level 2. HP: 29/29 MP: 1/1
   362 | D:1      | Reached ** piety under Trog
   376 | D:1      | Reached XP level 3. HP: 36/36 MP: 2/2
   887 | D:2      | Reached XP level 4. HP: 27/44 MP: 3/3
  1099 | D:2      | Reached skill level 4 in Unarmed Combat
  1195 | D:2      | Noticed Terence
  1202 | D:2      | Killed Terence
  1219 | D:2      | Reached XP level 5. HP: 52/52 MP: 4/4
  1228 | D:2      | Reached *** piety under Trog
  1723 | D:3      | Identified the +7 spear "Wuvodu" {venom, -Tele Str+7 Dex+5}
  1801 | D:3      | Reached skill level 1 in Stealth
  1828 | D:3      | Found a transporter.
  1834 | D:3      | Found a transporter.
  2132 | D:3      | Reached **** piety under Trog
  2397 | D:3      | Reached skill level 5 in Unarmed Combat
  2399 | D:3      | Reached XP level 6. HP: 61/61 MP: 5/5
  2403 | D:3      | HP: 2/61 [disintegration (22)]
  2408 | D:3      | HP: 1/61 [poisoned by a gnoll]
  2408 | D:3      | Slain by a gnoll

Skill      XL: |  1  2  3  4  5 |
---------------+----------------+-----
Dodging        | 3 |  3.6
Unarmed Combat | 4 5 |  5.0
Fighting       | 3 |  3.0
Stealth        | 1 |  1.0
Throwing       | |  0.2

Action                   |  1- 3 |  4- 6 || total
-------------------------+-------+-------++-------
Melee: Unarmed           |   109 |   138 ||   247
       Punch             |     1 |     1 ||     2
Invok: Berserk           |     3 |     4 ||     7
  Use: Scroll            |       |     5 ||     5
       Potion            |       |     3 ||     3
 Stab: Sleeping          |     1 |     1 ||     2
       Distracted        |     1 |       ||     1
  Eat: Chunk             |    16 |    16 ||    32
Armor: Animal skin       |    71 |    52 ||   123
       Robe              |       |    14 ||    14
Dodge: Dodged            |   110 |    96 ||   206
